 Dungeon Crawl Stone Soup version 0.29-a0-275-g389c0b56f3 (webtiles) character file.

Game seed: 16627056846742063250

546 sammy202020 the Skirmisher (level 7, -3/67 HPs)
             Began as a Gargoyle Berserker on Mar 10, 2022.
             Was a Believer of Trog.
             Slain by a wight
             ... wielding a +3 battleaxe of freezing
              (9 damage)
             ... on level 4 of the Dungeon.
             The game lasted 00:05:03 (4162 turns).

sammy202020 the Skirmisher (Gargoyle Berserker)     Turns: 4162, Time: 00:05:04

Health: -3/67      AC: 16    Str: 27    XL:     7   Next: 28%
Magic:  0/7        EV:  9    Int:  9    God:    Trog [**....]
Gold:   202        SH:  0    Dex:  9    Spells: 6/6 levels left

rFire   . . .      SeeInvis .   a - +0 mace
rCold   . . .      Faith    .   (no shield)
rNeg    + . .      Spirit   +   e - +0 chain mail
rPois   ∞          Reflect  .   (no helmet)
rElec   +          Harm     .   i - +1 cloak
rCorr   .          Rampage  .   (no gloves)
Will    .....                   (no boots)
Stlth   ..........              d - amulet of guardian spirit
HPRegen 0.21/turn               k - +6 ring of strength
MPRegen 0.10/turn               (no ring)

@: berserking, very quick
A: sickness immunity, AC +4, negative energy resistance 1, electricity
resistance, torment resistance 1, petrification resistance
a: Renounce Religion, Berserk, Trog's Hand


You were on level 4 of the Dungeon.
You worshipped Trog.
Trog was pleased with you.
You visited 1 branch of the dungeon, and saw 4 of its levels.

You collected 202 gold pieces.

Inventory:

Hand Weapons
 a - a +0 mace (weapon)
Armour
 e - a +0 chain mail (worn)
 i - a +1 cloak (worn)
Jewellery
 d - an amulet of guardian spirit (around neck)
 k - a +6 ring of strength (left hand)
Wands
 f - a wand of flame (15)
Potions
 b - 2 potions of brilliance
 c - a potion of lignification
 g - a potion of mutation {unknown}
 h - 2 potions of berserk rage {unknown}
 j - a potion of magic {unknown}
 l - a potion of might {unknown}
 m - a potion of attraction {unknown}
 o - a potion of degeneration {unknown}
 p - a potion of resistance
 q - a potion of curing {unknown}
 r - a potion of ambrosia {unknown}


   Skills:
 * Level 5.7 Fighting
 * Level 4.9 Maces & Flails
 * Level 4.8 Armour
 + Level 2.6 Dodging


You had 6 spell levels left.
You didn't know any spells.
Your spell library was empty.

Dungeon Overview and Level Annotations

Branches:
Dungeon (4/15)             Temple (0/1) D:4

Altars:
Gozag
Kikubaaqudgha
Sif Muna
Vehumet


Innate Abilities, Weirdness & Mutations

You are immune to sickness and miasma.
Your stone body is resilient. (AC +4)
You are immune to poison.
You resist negative energy. (rN+)
You are resistant to electric shocks. (rElec)
You are resistant to unholy torment.
You are immune to petrification.


Message History

The wight hits you but does no damage.
You sock the wight!
You destroy the wight!
Trog accepts your kill. The wight closely misses you.
You barely miss the wight.
The wight is moderately damaged.
The wight hits you with a +0 war axe!
You completely miss the wight.
The wight is moderately damaged.
The wight misses you.
You barely miss the wight.
The wight is moderately damaged.
The wight hits you with a +0 war axe!
* * * LOW HITPOINT WARNING * * *
You hit the wight.
The wight is heavily damaged.
The wight barely misses you.
You barely miss the wight.
The wight is heavily damaged.
The wight hits you with a +0 war axe.
* * * LOW HITPOINT WARNING * * *
A red film seems to cover your vision as you go berserk!
You feel yourself moving faster!
You feel mighty! The wight barely misses you.
You sock the wight!
The wight is almost destroyed.
The wight hits you with a +0 war axe.
* * * LOW HITPOINT WARNING * * *
You closely miss the wight.
The wight is almost destroyed.
The wight hits you with a +0 war axe.
* * * LOW HITPOINT WARNING * * *
You barely miss the wight.
The wight is almost destroyed.
The wight barely misses you.
You barely miss the wight. You punch the wight.
You destroy the wight!
Trog accepts your kill.
The wight hits you with a +3 battleaxe of freezing!
You die...

##..........#
#............
#####............
...#...#...(........
>....8..............
...#...#............ #
#####............
...##########.............
........z@................
.....[..########.###......
.......## #.# #..†...
....... ##.###......
....... #####..#........
.....z. #...............
......# ##......#........
...... ..........#......
...... #................


You could see a wight.

Vanquished Creatures
  Menkaure (D:4)
  A necrophage (D:4)
  2 wights (D:4)
  A hound (D:4)
  Jessica (D:3)
  Natasha (thrice) (D:2)
  A gnoll (D:4)
  5 adders
  A white imp (D:3)
  3 dart slugs (D:2)
  An orc (D:3)
  13 ball pythons
  7 endoplasms
  2 giant cockroaches
  5 goblins
  9 hobgoblins
  2 jackals (D:2)
  6 kobolds
  5 quokkas
  5 bats
  5 frilled lizards
  3 rats
82 creatures vanquished.

Notes
Turn   | Place    | Note
-------+----------+-------------------------------------------
     0 | D:1      | sammy202020 the Gargoyle Berserker began the quest for the
                  | Orb.
     0 | D:1      | Reached XP level 1. HP: 14/14 MP: 1/1
   181 | D:1      | Reached XP level 2. HP: 14/19 MP: 2/2
  1634 | D:2      | Reached XP level 3. HP: 21/24 MP: 3/3
  1683 | D:2      | Reached skill level 4 in Fighting
  1695 | D:2      | Found a faded altar of an unknown god.
  1751 | D:2      | Reached ** piety under Trog
  1808 | D:2      | Reached XP level 4. HP: 18/29 MP: 2/4
  2077 | D:2      | Noticed Natasha
  2093 | D:2      | Killed Natasha
  2135 | D:2      | Noticed Natasha
  2144 | D:2      | Killed Natasha
  2145 | D:2      | Reached XP level 5. HP: 22/34 MP: 2/5
  2407 | D:2      | Noticed Natasha
  2415 | D:2      | Killed Natasha
  2714 | D:3      | Found an opulent altar of Gozag.
  2714 | D:3      | Found an ancient bone altar of Kikubaaqudgha.
  2813 | D:3      | Noticed Jessica
  2817 | D:3      | Killed Jessica
  3200 | D:3      | Found a shimmering blue altar of Sif Muna.
  3423 | D:3      | Found a radiant altar of Vehumet.
  3787 | D:4      | Reached skill level 5 in Fighting
  3787 | D:4      | Reached XP level 6. HP: 35/40 MP: 4/6
  3855 | D:4      | Noticed Menkaure
  3870 | D:4      | Killed Menkaure
  4079 | D:4      | Reached XP level 7. HP: 43/44 MP: 7/7
  4107 | D:4      | Found a staircase to the Ecumenical Temple.
  4162 | D:4      | Slain by a wight

Illustrated notes

Levels and vault maps discovered:
D:1:      scummos_arrival_simple_fountains, layout_basic, minmay_vboxes
D:2:      layout_rooms, serial_curves, eino_curves_03, eino_curves_04,
          eino_curves_03, eino_curves_03, ebering_ecumenical_altar_sacrificial,
          uniq_natasha
D:3:      layout_loops_corners, mainiacjoe_overflow_alcove_1,
          nicolae_overflow_hidden_temple, uniq_jessica
D:4:      layout_rooms, good_gods_temple_1, nemelex_spade_bored_becter,
          minmay_temple_entry_antechambers, minmay_circle_x, uniq_blork_the_orc,
          uniq_menkaure

Skill      XL: |  1  2  3  4  5 |
---------------+----------------+-----
Fighting       | 4 5 |  5.7
Armour         | 3 4 |  4.8
Dodging        | 2 |  2.6
Maces & Flails | 4 |  4.9

Action                   |  1- 3 |  4- 6 |  7- 9 || total
-------------------------+-------+-------+-------++-------
Melee: Mace              |    99 |   150 |    38 ||   287
       Punch             |     1 |     1 |     1 ||     3
Invok: Trog's Hand       |       |     3 |     1 ||     4
       Berserk           |       |     2 |     1 ||     3
  Use: Scroll            |       |     5 |       ||     5
Armor: Animal skin       |    25 |       |       ||    25
       Chain mail        |    41 |   100 |    12 ||   153
       Scale mail        |     5 |       |       ||     5
       Leather armour    |     1 |       |       ||     1
Dodge: Dodged            |    55 |    79 |    16 ||   150

Table legend: (Time is in decaauts)
 A = Elapsed time spent in this place.
 B = Non-inter-level travel time spent in this place.
 C = Inter-level travel time spent in this place.
 D = Time resting spent in this place.
 E = Time spent auto-exploring this place.
 F = Levels seen in this place.
 G = Mean time per level.
                   A        B        C        D        E       F      G
               +--------+--------+--------+--------+--------+-----+--------+
         Total |   4235 |   4015 |    220 |    218 |   3055 |   4 | 1058.8 |
       Dungeon |   4235 |   4015 |    220 |    218 |   3055 |   4 | 1058.8 |
               +--------+--------+--------+--------+--------+-----+--------+

Top non-repeatable levels by time:
     D:1: 1644 daAuts
     D:3: 1218 daAuts
     D:2: 958 daAuts
     D:4: 414 daAuts
